 Dungeon Crawl Stone Soup version 0.21.1-1-g345015f (webtiles) character file.

33 Eggbaby the Sneak (level 3, -4/24 HPs)
             Began as an Octopode Assassin on June 26, 2018.
             Slain by an ice beast (13 damage)
             ... on level 3 of the Dungeon.
             The game lasted 00:03:05 (900 turns).

Eggbaby the Sneak (Octopode Assassin)                Turns: 900, Time: 00:03:06

Health: -4/24      AC:  1    Str: 13    XL:     3   Next: 29%
Magic:  3/3        EV: 13    Int: 14    God:
Gold:   10         SH:  0    Dex: 13    Spells: 2/2 levels left

rFire    . . .     SeeInvis .   a - +2 dagger
rCold    . . .     Gourm    .   (no shield)
rNeg     . . .     Faith    .   (helmet restricted)
rPois    .         Spirit   .   (no amulet)
rElec    .         Reflect  .   g - +3 ring of strength
rCorr    .         Harm     .   (no ring)
MR       .....                  (no ring)
Stlth    ++++......             (no ring)
HPRegen  0.08/turn              (no ring)
MPRegen  0.08/turn              (no ring)
                                (no ring)
                                (no ring)

@: no status effects
A: almost no armour, stealthy swim, amphibious, 8 rings, constrict 8, camouflage
1, gelatinous body 1
a: no special abilities


You were on level 3 of the Dungeon.
You were not hungry.

You visited 1 branch of the dungeon, and saw 3 of its levels.

You collected 10 gold pieces.

Inventory:

Hand Weapons
 a - a +2 dagger (weapon)
 b - a +0 blowgun
Missiles
 c - 8 poisoned needles
 d - 2 curare-tipped needles
Jewellery
 g - a +3 ring of strength (left tentacle)
Scrolls
 h - a scroll of teleportation {unknown}
 i - a scroll of fog {unknown}
 k - a scroll of blinking {unknown}
Potions
 e - 2 potions of curing {unknown}
 j - a potion of heal wounds {unknown}
 l - a potion of agility {unknown}
Comestibles
 f - 2 rations


   Skills:
 - Level 2.0 Fighting
 * Level 2.1 Short Blades
 - Level 2.0 Throwing
 - Level 1.0 Dodging
 - Level 6.0 Stealth
 - Level 2.0 Unarmed Combat


You had 2 spell levels left.
You didn't know any spells.

Dungeon Overview and Level Annotations

Branches:
Dungeon (2/15)

Altars:
Fedhas

Annotations:
D:3 Robin


Innate Abilities, Weirdness & Mutations

You cannot wear most types of armour.
You are very stealthy in the water. (Stealth+)
You are amphibious.
You can wear up to eight rings at the same time.
You can use your tentacles to constrict eight enemies at once.
Your skin changes colour to match your surroundings (Stealth+).
Your rubbery body absorbs attacks. (AC +1, EV +1)


Message History

The ice beast is lightly wounded.
The ice beast closely misses you.
You hit the ice beast.
The ice beast is lightly wounded.
The ice beast hits you. The ice beast freezes you.
The howler monkey hoots and howls with incredible vigour!
You hear an angry hiss.
You hear a shout!
You hear an angry hiss.
You hear a shout!
You hear an angry hiss.
You hear a shout! x6
A giant cockroach and a kobold come into view.
An orc wizard comes into view. It is wielding a dagger.
The orc wizard drinks a potion.
The orc wizard seems to speed up.
An orc comes into view. It is wielding a whip.
Robin of the Strong Arm comes into view.
She is wielding a dagger.
Robin says, "My army is invincible!"
You hit the orc but do no damage. You grab the orc. You squeeze the orc.
The orc is lightly wounded.
You constrict the orc. The orc closely misses you. The ice beast hits you.
The ice beast freezes you!
Ouch! That really hurt!
You die...

...# o.. K# .#..####.#
......#.# .......####
#.#.#....##. ##.
#.....##....
...g.####......###..#..
#..o@YSg.........#..
#.#######w###.......
#...# #..#..
#.#w##......
#†#.%.......
#hg...s.....
#g##..#..### #.#...#
.... ..#..## ###


You could see an ice beast, Robin, an adder, a dart slug, an orc and a goblin.

Vanquished Creatures
  An adder (D:3)
  3 dart slugs (D:1)
  A leopard gecko (D:3)
  4 bats
  A giant cockroach (D:1)
  3 hobgoblins (D:1)
  A frilled lizard (D:1)
  3 kobolds (D:1)
17 creatures vanquished.

Notes
Turn   | Place    | Note
-------+----------+-------------------------------------------
     0 | D:1      | Eggbaby the Octopode Assassin began the quest for the Orb.
     0 | D:1      | Reached XP level 1. HP: 14/14 MP: 1/1
    99 | D:1      | Reached skill level 6 in Stealth
    99 | D:1      | Reached XP level 2. HP: 9/19 MP: 2/2
   199 | D:1      | Reached skill level 1 in Unarmed Combat
   821 | D:2      | Noticed an ogre
   869 | D:2      | Found a blossoming altar of Fedhas.
   870 | D:2      | You fall through a shaft!
   871 | D:3      | Reached XP level 3. HP: 24/24 MP: 3/3
   883 | D:3      | Noticed an ice beast
   899 | D:3      | Noticed Robin
   900 | D:3      | Slain by an ice beast

Skill      XL: |  1  2 |
---------------+-------+-----
Stealth        | 6 |  6.0
Unarmed Combat | 2 |  2.0
Fighting       | |  2.0
Short Blades   | |  2.1
Throwing       | |  2.0
Dodging        | |  1.0

Action                   || total
-------------------------++-------
Melee: Dagger            ||    29
       Constrict         ||     6
       Tentacles         ||     3
 Stab: Sleeping          ||    12
Armor: Skin              ||     1
Dodge: Dodged            ||    11
